 Dungeon Crawl Stone Soup version 0.17-a0-1637-g5d65775 (webtiles) character file.

63 esc the Skirmisher (level 4, -1/52 HPs)
             Began as an Ogre Hunter on Aug 7, 2015.
             Slain by an ooze (3 damage)
             ... on level 3 of the Dungeon.
             The game lasted 00:04:07 (1783 turns).

esc the Skirmisher (Ogre Hunter)                    Turns: 1783, Time: 00:04:08

Health: -1/52      AC:  3    Str: 18    XL:     4   Next: 10%
Magic:  4/4        EV: 10    Int: 10    God:
Gold:   92         SH:  0    Dex: 10    Spells: 0 memorised, 3 levels left

rFire  . . .     SeeInvis .     c - +0 short sword
rCold  . . .     Clarity  .     d - +0 robe
rNeg   . . .     SustAt   .     (no shield)
rPois  .         Gourm    .     (helmet restricted)
rElec  .         Spirit   .     (no cloak)
rCorr  .         Warding  .     (gloves unavailable)
rMut   .         Stasis   .     (boots unavailable)
MR     .....                    (no amulet)
Stlth  +.........               (no ring)
                                (no ring)

@: not resistant to hostile enchantments, very unstealthy
A: unfitting armour, tough skin 1
a: no special abilities


You were on level 3 of the Dungeon.
You were not hungry.

You visited 1 branch of the dungeon, and saw 3 of its levels.

You collected 92 gold pieces.

Inventory:

Hand weapons
 c - a +0 short sword (weapon)
Missiles
 a - 5 large rocks (quivered) {!d}
 b - 2 throwing nets {=f, !d}
 m - 6 poisoned needles
Armour
 d - a +0 robe (worn)
Scrolls
 i - 2 scrolls of blinking {unknown}
 k - a scroll of identify {unknown}
 l - a scroll of remove curse {unknown}
Comestibles
 e - a bread ration {@e1}
 g - a beef jerky


   Skills:
 + Level 5.7 Fighting
 - Level 4.3 Throwing
 - Level 1.7 Dodging
 - Level 0.7 Stealth


You had 3 spell levels left.
You didn't know any spells.

Dungeon Overview and Level Annotations

Branches:
Dungeon (3/15)

Altars:


Innate Abilities, Weirdness & Mutations

You are too large for most types of armour.
You have tough skin (AC +1).


Message History

You hit the worm. You hit the worm. The worm bites you.
You take 4 damage, and have 32/42 hp.
You hit the worm. You barely miss the worm. The worm barely misses you.
You hit the worm. The worm barely misses you.
You hit the worm. You hit the worm.
You kill the worm!
You have reached level 4!
You regained 6 hp, and now have 39/50 hp.
MP restored: 4 A goblin comes into view.
It is wielding a dagger.
You regained 3 hp, and now have 42/50 hp.
The goblin shouts!
You barely miss the goblin. The goblin hits you with a dagger.
You take 1 damage, and have 41/50 hp.
You hit the goblin.
You kill the goblin!
An orc comes into view.
An ooze and an orc come into view.
Things that are here:
a dagger; a goblin corpse The orc shouts!
The ooze quivers.
The orc shouts!
You hear a shout!
The orc barely misses you.
You hit the orc but do no damage. The orc closely misses you.
You closely miss the orc. The orc hits you with a mace. The orc hits you.
You take 6 damage, and have 35/50 hp.
Things that are here:
a dagger; a goblin corpse You hit the orc.
The orc hits you.
You take 1 damage, and have 35/50 hp.
You hit the orc but do no damage. The orc hits you but does no damage.
You hit the orc but do no damage. The orc hits you.
You take 1 damage, and have 34/50 hp.
You hit the orc.
You kill the orc!
You hit the orc. The orc hits you with a mace!
An orc comes into view.
You take 7 damage, and have 28/50 hp.
You hit the orc but do no damage. The orc hits you with a mace!
You take 7 damage, and have 21/50 hp.
You closely miss the orc. The orc hits you but does no damage.
You hit the orc. The orc hits you with a mace.
You take 1 damage, and have 20/50 hp.
You hit the orc but do no damage. The orc barely misses you.
You closely miss the orc. The orc hits you with a mace.
You take 1 damage, and have 19/50 hp.
You completely miss the orc. The orc barely misses you.
You hit the orc but do no damage. The orc hits you with a mace.
* * * LOW HITPOINT WARNING * * *
You take 5 damage, and have 14/50 hp.
You hit the orc but do no damage. You hit the orc.
You kill the orc!
The ooze hits you.
* * * LOW HITPOINT WARNING * * *
You take 4 damage, and have 12/52 hp.
The ooze jiggles.
Drink which item? (? for menu, Esc to quit)
It was a potion of brilliance.
You feel clever all of a sudden. The ooze closely misses you.
Drink which item? (? for menu, Esc to quit)
It was a potion of cancellation.
Your magical effects are unravelling.
You feel magically purged.
You feel a little less clever now. The ooze hits you.
* * * LOW HITPOINT WARNING * * *
You take 2 damage, and have 11/52 hp.
Drink which item? (? for menu, Esc to quit)
It was a potion of curing.
You feel better. The ooze hits you.
You regained 6 hp, and now have 17/52 hp.
You hit the ooze. The ooze hits you.
You take 1 damage, and have 16/52 hp.
You barely miss the ooze. The ooze hits you.
You hit the ooze. The ooze closely misses you.
You hit the ooze. The ooze hits you.
* * * LOW HITPOINT WARNING * * *
You take 3 damage, and have 13/52 hp.
You are too injured to fight recklessly!
You are too injured to fight recklessly!
You are too injured to fight recklessly!
You are too injured to fight recklessly!
You are too injured to fight recklessly!
You hit the ooze. The ooze hits you.
* * * LOW HITPOINT WARNING * * *
You take 4 damage, and have 9/52 hp.
You barely miss the ooze. The ooze hits you.
* * * LOW HITPOINT WARNING * * *
You take 5 damage, and have 4/52 hp.
You aren't carrying any potions.
You hit the ooze but do no damage. The ooze hits you.
* * * LOW HITPOINT WARNING * * *
You take 2 damage, and have 2/52 hp.
You hit the ooze. The ooze hits you.
You die...

#.# #.#
##.# ##..#
!..# ..#
#.# #@#
#J#####
#o....# .
##.....#..
##........#
#..#.....##
##.......#
##..#####
#..##


You could see an ooze and an orc.

Vanquished Creatures
  3 gnolls (D:2)
  A worm (D:3)
  A giant gecko (D:1)
  2 orcs (D:3)
  4 giant cockroaches (D:1)
  8 goblins
  A hobgoblin (D:1)
  A jackal (D:1)
  3 bats
  4 giant newts
  A kobold (D:2)
  2 rats
31 creatures vanquished.

Notes
Turn   | Place    | Note
--------------------------------------------------------------
     0 | D:1      | esc the Ogre Hunter began the quest for the Orb.
     0 | D:1      | Reached XP level 1. HP: 22/22 MP: 1/1
    51 | D:1      | Reached skill level 3 in Fighting
   249 | D:1      | Reached XP level 2. HP: 28/32 MP: 2/2
   559 | D:1      | Reached skill level 4 in Fighting
  1008 | D:1      | Reached XP level 3. HP: 37/40 MP: 3/3
  1196 | D:2      | Reached skill level 5 in Fighting
  1204 | D:2      | HP: 9/42 [gnoll (6)]
  1703 | D:2      | You fall through a shaft!
  1713 | D:3      | Reached XP level 4. HP: 39/50 MP: 4/4
  1766 | D:3      | HP: 12/52 [ooze (4)]
  1774 | D:3      | HP: 11/52 [ooze (2)]
  1779 | D:3      | HP: 13/52 [ooze (3)]
  1781 | D:3      | HP: 4/52 [ooze (5)]
  1783 | D:3      | Slain by an ooze

Vault maps used:
D:1:      minmay_arrival_wavy_path, serial_co_window_serial, co_window_cross_1,
          co_window_of_opportunity_a, co_window_corner_a, co_window_corner_a,
          co_window_of_opportunity_a, co_window_2corner, co_window_corner_b,
          co_window_cross_4, co_window_of_opportunity_b, co_window_corner_b,
          glass_columns_a, glass_columns_a, glass_columns_a
D:3:      kennysheep_six_static_rooms, grunt_ashenzari_visionary, uniq_grinder

Action                   |  1- 3 |  4- 6 || total
-------------------------+-------+-------++-------
Melee: Short sword       |   111 |    26 ||   137
Throw: Large rock        |     1 |       ||     1
  Use: Potion            |       |     3 ||     3
 Stab: Sleeping          |     1 |       ||     1
  Eat: Chunk             |     3 |       ||     3

Vault maps used:
D:1:      minmay_arrival_wavy_path, serial_co_window_serial, co_window_cross_1,
          co_window_of_opportunity_a, co_window_corner_a, co_window_corner_a,
          co_window_of_opportunity_a, co_window_2corner, co_window_corner_b,
          co_window_cross_4, co_window_of_opportunity_b, co_window_corner_b,
          glass_columns_a, glass_columns_a, glass_columns_a
D:3:      kennysheep_six_static_rooms, grunt_ashenzari_visionary, uniq_grinder

Table legend:
 A = Turns spent in this place as a percentage of turns spent in the entire game.
 B = Non-inter-level travel turns spent in this place as a percentage of non-inter-level travel turns spent in the entire game.
 C = Inter-level travel turns spent in this place as a percentage of turns spent in this place.
 D = Turns resting spent in this place as a percentage of non-inter-level travel turns spent in this place.
 E = Turns spent auto-exploring this place as a percentage of non-inter-level travel turns spent in this place.
 F = Non-inter-level travel turns spent in this place divided by the number of levels of this place that you've seen.
                   A       B       C       D       E      F
               +-------+-------+-------+-------+-------+----------------------
         Total | 100.0 | 100.0 |   0.3 |   1.6 |   9.1 | 125.0
       Dungeon | 100.0 | 100.0 |   0.3 |   1.6 |   9.1 | 125.0
               +-------+-------+-------+-------+-------+----------------------

Table legend:
 A = Kills in this place as a percentage of kills in entire the game.
 B = Kills by you in this place as a percentage of kills by you in the entire game.
 C = Kills by friends in this place as a percentage of kills by friends in the entire game.
 D = Other kills in this place as a percentage of other kills in the entire game.
 E = Experience gained in this place as a percentage of experience gained in the entire game.
 F = Experience gained in this place divided by the number of levels of this place that you have seen.
                   A       B       C       D       E      F
               +-------+-------+-------+-------+-------+----------------------
         Total | 100.0 | 100.0 |  -nan |  -nan | 100.0 |  30.3
       Dungeon | 100.0 | 100.0 |  -nan |  -nan | 100.0 |  30.3
               +-------+-------+-------+-------+-------+----------------------
